 Dungeon Crawl Stone Soup version 0.29-a0-334-gb41bcbb86e (webtiles) character file.

Game seed: 17871780893628284481

5012 freelancePsychic the Spear-Bearer (level 10, -1/64 HPs)
             Began as a Demonspawn Chaos Knight on Apr 14, 2022.
             Was a Priest of Hepliaklqana.
             Succumbed to a hornet's poison
             ... while paralysed by a hornet
             ... on level 9 of the Dungeon.
             The game lasted 00:13:41 (7741 turns).

freelancePsychic the Spear-Bearer (DsCK)            Turns: 7741, Time: 00:13:44

Health: -1/64      AC: 20    Str: 19    XL:     10   Next: 29%
Magic:  2/10       EV:  2    Int: 20    God:    Hepliaklqana [***...]
Gold:   586        SH:  0    Dex: 10    Spells: 9/9 levels left

rFire   . . .      SeeInvis .   e - +3 spear (venom)
rCold   + . .      Faith    .   x - +2 tower shield
rNeg    . . .      Spirit   +   f - +4 chain mail
rPois   .          Reflect  .   (no helmet)
rElec   .          Harm     .   (no cloak)
rCorr   +          Rampage  .   B - +1 pair of gloves "Duirgh" {rC+}
Will    .....                   (no boots)
Stlth   ..........              h - amulet of guardian spirit
HPRegen 0.20/turn               u - ring "Lalung" {rCorr Str+2 Int+6}
MPRegen 0.12/turn               o - +4 ring of protection

@: paralysed, lethally poisoned (-1 -> -24), slowed
A: reduced essence, hooves 1, large bone plates 2, foul stench 1, clumsy 1,
frail 1, shaggy fur 1
a: Renounce Religion, Recall Ancestor, Ancestor Identity, Transference


You were on level 9 of the Dungeon.
You worshipped Hepliaklqana.
Hepliaklqana was most pleased with you.
You visited 2 branches of the dungeon, and saw 10 of its levels.

You collected 625 gold pieces.
You spent 39 gold pieces at shops.

Inventory:

Hand Weapons
 a - a +0 falchion of chaos
 e - a +3 spear of venom (weapon)
Armour
 b - a +2 leather armour
 f - a +4 chain mail (worn)
 x - a +2 tower shield (worn)
 B - the +1 pair of gloves "Duirgh" (worn) {rC+}
   (You acquired it on level 6 of the Dungeon)

   rC:        It protects you from cold.
Jewellery
 d - a ring of see invisible
 h - an amulet of guardian spirit (around neck)
 o - a +4 ring of protection (right hand)
 u - the ring "Lalung" (left hand) {rCorr Str+2 Int+6}
   (Xom gifted it to you on level 3 of the Dungeon)

   [ring of intelligence]

   Str:       It affects your strength (+2).
   Int:       It affects your intelligence (+6).
   rCorr:     It protects you from acid and corrosion.
 y - a ring of protection from fire
 L - a ring of wizardry
 O - a ring of poison resistance
Wands
 q - a wand of charming (3)
 M - a wand of iceblast (2)
 N - a wand of flame (26)
Scrolls
 g - a scroll of magic mapping
 i - a scroll of identify {@r1}
 k - a scroll of amnesia
 p - a scroll of enchant weapon
 r - 2 scrolls of vulnerability
 t - 3 scrolls of fear
 v - 3 scrolls of torment
 A - 3 scrolls of blinking
 C - a scroll of holy word {unknown}
 D - 2 scrolls of immolation {unknown}
 H - 2 scrolls of teleportation {@r4}
Potions
 j - a potion of flight
 l - 2 potions of heal wounds {@q2}
 m - a potion of magic
 n - a potion of invisibility
 s - a potion of cancellation {unknown}
 w - a potion of curing {@q1}
 z - 2 potions of attraction
 E - 2 potions of resistance
 F - a potion of might {unknown}
 G - a potion of mutation {unknown}
 I - a potion of degeneration {unknown}
 J - a potion of ambrosia {unknown}
 K - a potion of lignification {unknown}
Miscellaneous
 c - a piece from Xom's chessboard (14/15) (quivered)


   Skills:
 + Level 8.2 Fighting
 - Level 3.0 Long Blades
 * Level 9.8 Polearms
 - Level 4.7 Armour
 - Level 0.8 Dodging
 + Level 5.1 Shields


You had 9 spell levels left.
You didn't know any spells.
Your spell library contained the following spells:

 Spells                   Type           Power      Damage    Failure   Level
 Scorch                   Fire           0%         2d5       100%        2
 Inner Flame              Hex/Fire       0%         N/A       100%        3
 Cause Fear               Hex            0%         N/A       100%        4
 Flame Wave               Conj/Fire      0%         2d4       100%        4
 Summon Cactus Giant      Summ           0%         N/A       100%        6
 Discord                  Hex            0%         N/A       100%        8


Dungeon Overview and Level Annotations

Branches:
Dungeon (9/15)             Temple (1/1) D:5
   Lair: D:8-11         Orc: D:9-12

Altars:
Ashenzari
Cheibriados
Dithmenos
Elyvilon
Gozag
Hepliaklqana
Kikubaaqudgha
Qazlal
Trog
Uskayaw
Vehumet
Xom
Yredelemnul
Zin

Shops:
D:3 *


Innate Abilities, Weirdness & Mutations

Your life essence is reduced to manifest your ancestor. (-10% HP)
You have large cloven feet.
You are mostly covered in large bone plates. (SH +6)
You may rarely emit foul miasma when damaged in melee.
You are clumsy. (Dex -2)
You are frail. (-10% HP)
You are covered in fur. (AC +1)


Message History

The gnoll sergeant is almost dead.
You feel sick. You block the orc warrior's attack.
The gnoll sergeant hits you with a +0 spear of venom.
You are more poisoned.
You hit the gnoll sergeant but do no damage.
The gnoll sergeant looks as sick as possible!
Your kick misses the gnoll sergeant.
The gnoll sergeant is almost dead.
You feel very sick.
You kill the gnoll sergeant!
The orc warrior barely misses you. Something hits you but does no damage.
You feel very sick.
You hear some strange, mumbled words.
Something tries to affect you, but you resist.
You feel sick.
A magic dart appears from out of thin air!
The magic dart hits you but does no damage.
You feel sick.
You feel sick.
You feel sick.
The orc warrior attacks as you move away!
The orc warrior hits you with a +0 battleaxe.
* * * LOW HITPOINT WARNING * * *
You feel sick. The hornet attacks as you move away! The hornet stings you!
* * * LOW HITPOINT WARNING * * *
You suddenly lose the ability to move!
You feel sick.
You feel sick. The hornet stings you.
* * * LOW HITPOINT WARNING * * *
You are lethally poisoned!
You shrug off the repeated paralysis!
The orc warrior hits you with a +0 battleaxe.
You emit a cloud of foul miasma!
The hornet stings you.
* * * LOW HITPOINT WARNING * * *
You are more poisoned.
You feel yourself slow down.
You emit a cloud of foul miasma!
You die...
Xom laughs nastily!

#.....#...#
#.....#...#........#
#....##...#........#####
+....#....#.............
#....#....#.............
#....'....#.............
##'#+#....##............
...........#............
...........#....@.......
###........##'#gyo######
# ####....)...#...# #
#........#...# #
#........#o..# #
#.....####g..# #
#.....#......#
######.....#......#
...........#))........


You could see a hornet, an orc warrior, 2 gnolls and an orc.

Vanquished Creatures
  A troll (D:6)
  A steam dragon (D:6)
  3 water moccasins
  Edmund (D:6)
  A black bear (D:6)
  3 sky beasts
  A centaur (D:8)
  An ogre (D:5)
  2 phantoms
  5 bullfrogs
  A gnoll sergeant (D:9)
  2 necrophages
  4 scorpions (D:5)
  3 wights
  Dowan (D:6)
  A killer bee (D:6)
  3 howler monkeys
  2 centaur zombies (D:7)
  A bullfrog zombie (D:7)
  A human zombie (D:7)
  A jelly (D:4)
  5 hounds
  2 orc priests (D:8)
  2 iguanas
  4 orc wizards
  2 mummies (D:7)
  5 gnolls
  9 adders
  A white imp (D:6)
  4 worms
  2 dart slugs
  26 orcs
  5 ball pythons
  5 bats
  10 endoplasms
  2 giant cockroaches
  3 goblins
  13 hobgoblins
  2 jackals (D:3)
  6 kobolds
  2 quokkas (D:3)
  4 frilled lizards
  3 rats
156 creatures vanquished.

Vanquished Creatures (collateral kills)
  A two-headed ogre (D:8)
  Duvessa (D:6)
  A sky beast (D:7)
  An ice beast (D:8)
  A centaur (D:9)
  A wyvern zombie (D:7)
  A necrophage (D:7)
  A scorpion (D:5)
  4 wights
  A howler monkey (D:7)
  A jelly (D:6)
  A centaur zombie (D:7)
  3 orc priests (D:8)
  An iguana (D:4)
  2 white imps
  4 orcs
25 creatures vanquished.

Vanquished Creatures (others)
  A sky beast (D:6)
  A battlemage (D:9)
  3 ancestors (D:6)
  A plant (D:4)
6 creatures vanquished.

Grand Total: 187 creatures vanquished

Notes
Turn   | Place    | Note
-------+----------+-------------------------------------------
     0 | D:1      | freelancePsychic the Demonspawn Chaos Knight began the
                  | quest for the Orb.
     0 | D:1      | Reached XP level 1. HP: 18/18 MP: 1/1
     6 | D:1      | XOM: silly message
    53 | D:1      | XOM: silly message
   251 | D:1      | Gained mutation: You may rarely emit foul miasma when
                  | damaged in melee. [demonic ancestry]
   251 | D:1      | Reached XP level 2. HP: 24/24 MP: 2/2
   425 | D:1      | XOM: divination: magic mapping
   446 | D:1      | Reached skill level 1 in Polearms
   518 | D:1      | XOM: silly message
   841 | D:2      | Found a faded altar of an unknown god.
   965 | D:2      | Reached XP level 3. HP: 28/29 MP: 3/3
  1010 | D:2      | XOM: 2-stop teleportation journey
  1122 | D:2      | Reached skill level 2 in Polearms
  1230 | D:2      | XOM: confuse monster(s)
  1235 | D:2      | Gained mutation: You are partially covered in large bone
                  | plates. (SH +4) [demonic ancestry]
  1235 | D:2      | Reached XP level 4. HP: 35/35 MP: 4/4
  1466 | D:3      | XOM: stealth player
  1488 | D:3      | XOM: fake destruction
  1627 | D:3      | Found a faded altar of an unknown god.
  1627 | D:3      | Found a faded altar of an unknown god.
  1627 | D:3      | Found a hazy altar of Hepliaklqana.
  1629 | D:3      | Found a faded altar of an unknown god.
  1635 | D:3      | Fell from the grace of Xom
  1635 | D:3      | Became a worshipper of Hepliaklqana the Forgotten
  1833 | D:3      | Reached XP level 5. HP: 42/42 MP: 5/5
  2044 | D:3      | Found a radiant altar of Vehumet.
  2058 | D:3      | Identified the ring "Lalung" {rCorr Str+2 Int+6} (Xom
                  | gifted it to you on level 3 of the Dungeon)
  2058 | D:3      | XOM: god gift: ring "Lalung" {rCorr Str+2 Int+6}
  2089 | D:3      | XOM: polymorph quokka -> ball python
  2213 | D:3      | Found Unuroj's General Store.
  2218 | D:3      | Bought a scroll of teleportation for 39 gold pieces
  2225 | D:3      | XOM: summons 1 hostile shadow creature
  2528 | D:4      | Reached skill level 3 in Polearms
  2648 | D:4      | XOM: summons 14 hostile demons
  2649 | D:4      | Noticed a red devil
  2671 | D:5      | XOM: noise
  2671 | D:5      | Entered Level 5 of the Dungeon
  2675 | D:5      | Noticed a water moccasin
  2676 | D:5      | XOM: swap monsters
  2685 | D:5      | Killed a water moccasin
  2686 | D:5      | Reached XP level 6. HP: 22/49 MP: 4/6
  2807 | D:5      | Reached skill level 4 in Polearms
  3081 | D:5      | Found a staircase to the Ecumenical Temple.
  3101 | D:5      | Gained mutation: You are mostly covered in large bone
                  | plates. (SH +6) [demonic ancestry]
  3101 | D:5      | Reached XP level 7. HP: 54/55 MP: 7/7
  3110 | D:5      | XOM: summons 8 hostile demons
  3142 | Temple   | Entered the Ecumenical Temple
  3340 | D:5      | Reached * piety under Hepliaklqana
  3378 | D:5      | Reached skill level 5 in Fighting
  3378 | D:5      | Reached skill level 5 in Polearms
  3418 | D:5      | Found a hide-covered altar of Uskayaw.
  3641 | D:5      | Found a bloodstained altar of Trog.
  3684 | D:6      | Noticed a troll
  3906 | D:4      | Gained mutation: You have large cloven feet. [demonic
                  | ancestry]
  3906 | D:4      | Reached XP level 8. HP: 56/56 MP: 8/8
  4372 | D:6      | Reached skill level 6 in Polearms
  4579 | D:6      | Killed a troll
  4580 | D:6      | Reached skill level 1 in Shields
  4750 | D:6      | XOM: summons 9 hostile demons
  4958 | D:6      | XOM: give mutation
  4958 | D:6      | Gained mutation: You are clumsy. (Dex -2) [Xom's mischief]
  5247 | D:6      | XOM: enchant monster (bad)
  5251 | D:6      | Reached skill level 7 in Polearms
  5362 | D:6      | Identified a scroll of acquirement
  5363 | D:6      | Acquired the +1 pair of gloves "Duirgh" {rC+}
  5454 | D:6      | XOM: give mutation
  5454 | D:6      | Gained mutation: You are covered in fur. (AC +1) [Xom's
                  | grace]
  5500 | D:6      | Reached XP level 9. HP: 31/63 MP: 4/9
  5531 | D:6      | XOM: give mutations
  5531 | D:6      | Gained mutation: You are dopey. (Int -2) [Xom's mischief]
  5531 | D:6      | Gained mutation: You are frail. (-10% HP) [Xom's mischief]
  5534 | D:6      | Identified the +5 ring mail "Rurruff" {Harm *Slow rC+ rN+}
  5688 | D:6      | Noticed Edmund
  5689 | D:6      | Reached ** piety under Hepliaklqana
  5698 | D:6      | Killed Edmund
  5702 | D:6      | Remembered your ancestor Cruella Deville as a battlemage
  5818 | D:6      | Noticed Duvessa
  5818 | D:6      | Noticed Dowan
  5822 | D:6      | Killed Duvessa
  5827 | D:6      | Killed Dowan
  5828 | D:6      | Reached skill level 8 in Polearms
  5916 | D:7      | Found a stormy altar of Qazlal.
  6022 | D:7      | XOM: give mutation
  6022 | D:7      | Lost mutation: You are dopey. (Int -2) [Xom's mischief]
  6083 | D:7      | Found a shadowy altar of Dithmenos.
  6083 | D:7      | XOM: 6-stop teleportation journey
  6088 | D:7      | Found an ancient bone altar of Kikubaaqudgha.
  6090 | D:7      | Found a snail-covered altar of Cheibriados.
  6107 | D:7      | Found a shimmering altar of Xom.
  6110 | D:7      | Found an opulent altar of Gozag.
  6165 | D:7      | Found a broken altar of Ashenzari.
  6741 | D:7      | Found a basalt altar of Yredelemnul.
  6855 | D:7      | Reached skill level 9 in Polearms
  6969 | D:8      | Reached XP level 10. HP: 24/64 MP: 4/10
  7415 | D:8      | Noticed a two-headed ogre
  7426 | D:8      | Killed a two-headed ogre
  7427 | D:8      | Reached skill level 5 in Shields
  7652 | D:9      | Reached *** piety under Hepliaklqana
  7739 | D:9      | Paralysed by a hornet for 3 turns
  7741 | D:9      | Succumbed to a hornet's poison

Illustrated notes

Levels and vault maps discovered:
D:1:      dpeg_arrival_shrine, layout_basic
D:2:      minmay_spotlight, layout_basic, basic_ecumenical_altar
D:3:      layout_loops_ring, mainiacjoe_overflow_catwalk,
          nicolae_hepliaklqana_ecumenical_no_more, serial_shops,
          nicolae_shop_hallway_plus, hangedman_decor_points
D:4:      layout_basic, elyvilon_altar_1, minmay_pentangle
D:5:      layout_basic, lightli_temple_of_fire, zin_statuary,
          eat_drink_and_be_merry_uskayaw, minmay_temple_entry_glassed_door
D:6:      layout_basic, minmay_joined_circles, uniq_duvessa, uniq_edmund
D:7:      layout_loops_cross, lemuel_mausoleum_altar_yredelemnul,
          mainiacjoe_overflow_cross_hatched,
          chequers_temple_overflow_minitemple, nicolae_ashenzari_skybound
D:8:      layout_cave_pools, st_stairs_14
D:9:      gammafunk_cloud_chamber, layout_irregular_city,
          okawaru_altar_gauntlet_db, dpeg_oklobed_lair
Temple:   corrupted_temple

Skill      XL: |  1  2  3  4  5  6  7  8  9 10 |
---------------+-------------------------------+-----
Long Blades    | 3 |  3.0
Polearms       | 1 2 3 4 5 7 9 |  9.8
Armour         | 2 3 4 |  4.7
Fighting       | 4 5 6 7 8 |  8.2
Shields        | 2 4 5 |  5.1
Dodging        | |  0.8

Action                   |  1- 3 |  4- 6 |  7- 9 | 10-12 || total
-------------------------+-------+-------+-------+-------++-------
Melee: Falchion          |    15 |       |       |       ||    15
       Spear             |    79 |   176 |   367 |    47 ||   669
       Punch             |       |     3 |     9 |       ||    12
       Kick              |       |       |    68 |    10 ||    78
Invok: Ancestor Identity |       |       |     2 |       ||     2
       Recall Ancestor   |       |       |     1 |       ||     1
       Ancestor Life: Ba |       |       |     1 |       ||     1
Evoke: Piece from Xom's  |       |     3 |     2 |     2 ||     7
       Wand              |       |     5 |       |     1 ||     6
  Use: Scroll            |     3 |     1 |    13 |       ||    17
       Potion            |       |       |     2 |       ||     2
 Stab: Paralysed         |       |     2 |       |       ||     2
       Distracted        |       |       |     2 |       ||     2
Armor: Leather armour    |     9 |       |       |       ||     9
       Chain mail        |    44 |    93 |   278 |    11 ||   426
Dodge: Dodged            |    17 |    48 |   129 |     4 ||   198
Block: Other             |       |    29 |   107 |     5 ||   141
       Tower shield      |       |       |       |    20 ||    20

Table legend: (Time is in decaauts)
 A = Elapsed time spent in this place.
 B = Non-inter-level travel time spent in this place.
 C = Inter-level travel time spent in this place.
 D = Time resting spent in this place.
 E = Time spent auto-exploring this place.
 F = Levels seen in this place.
 G = Mean time per level.
                   A        B        C        D        E       F      G
               +--------+--------+--------+--------+--------+-----+--------+
         Total |   7625 |   7369 |    256 |    231 |   5837 |  10 |  762.5 |
       Dungeon |   7548 |   7292 |    256 |    156 |   5837 |   9 |  838.7 |
        Temple |     76 |     76 |      0 |     75 |      0 |   1 |   76.0 |
               +--------+--------+--------+--------+--------+-----+--------+

Top non-repeatable levels by time:
     D:6: 1403 daAuts
     D:5: 1121 daAuts
     D:7: 967 daAuts
     D:3: 908 daAuts
     D:4: 881 daAuts
     D:1: 846 daAuts
     D:8: 702 daAuts
     D:2: 625 daAuts
     D:9: 92 daAuts
  Temple: 76 daAuts
